 Dungeon Crawl Stone Soup version 0.30-a0-672-gc3a7216ad8 (webtiles) character file.

Game seed: 9210281660504150755

42 Orangeyouglad the Grasshopper (level 3, 0/46 HPs)
             Began as an Armataur Warper on Jan 19, 2023.
             Succumbed to an adder's poison
             ... on level 2 of the Dungeon.
             The game lasted 00:04:17 (682 turns).

Orangeyouglad the Grasshopper (Armataur Warper)      Turns: 682, Time: 00:04:18

Health: 0/46       AC:  4    Str: 18    XL:     3   Next: 35%
Magic:  6/6        EV:  9    Int: 13    God:
Gold:   30         SH:  0    Dex:  9    Spells: 4/6 levels left

rFire   . . .      SeeInvis .    a - +0 mace
rCold   . . .      Faith    .    (no shield)
rNeg    . . .      Spirit   .    b - +0 leather armour
rPois   .          Reflect  .    (no helmet)
rElec   .          Harm     .    (no cloak)
rCorr   .          Roll     +    (no gloves)
Will    .....                    (no barding) Stlth
                                 (no amulet)
HPRegen 0.27/turn                (no ring)
MPRegen 0.10/turn                (no ring)

@: brilliant, berserking, lethally poisoned (0 -> -1), very quick
A: large, rugged brown scales 3, deformed body, armoured tail, roll, long
tongue, awkward tongue
a: no special abilities


You were on level 2 of the Dungeon.
You visited 1 branch of the dungeon, and saw 2 of its levels.

You collected 30 gold pieces.

Inventory:

Hand Weapons
 a - a +0 mace (weapon)
Missiles
 d - 7 boomerangs of dispersal (quivered)
Armour
 b - a +0 leather armour (worn)
 e - a scarf of repulsion
Wands
 o - a wand of iceblast (4)
Scrolls
 c - a scroll of blinking
 g - a scroll of vulnerability {unknown}
 i - a scroll of enchant weapon {unknown}
 j - a scroll of immolation {unknown}
 k - a scroll of magic mapping {unknown}
 m - a scroll of enchant armour {unknown}
Potions
 f - a potion of brilliance
 l - a potion of curing {unknown}
 n - a potion of ambrosia {unknown}


   Skills:
 + Level 2.2 Fighting
 + Level 2.2 Maces & Flails
 - Level 0.8 Throwing
 + Level 2.1 Armour
 - Level 1.3 Dodging
 + Level 2.1 Spellcasting
 + Level 3.3 Translocations


You had 4 spell levels left.
You knew the following spells:

 Your Spells              Type           Power      Damage    Failure   Level
a - Blink                 Tloc           30%        N/A       12%         2

Your spell library contained the following spells:

 Spells                   Type           Power      Damage    Failure   Level
 Lesser Beckoning         Tloc           30%        N/A       12%         2
 Teleport Other           Tloc           15%        N/A       22%         3
 Vhi's Electric Charge    Tloc/Air       16%        N/A       41%         3
 Manifold Assault         Tloc           15%        N/A       58%         4


Dungeon Overview and Level Annotations

Branches:
Dungeon (2/15)

Altars:


Innate Abilities, Weirdness & Mutations

You are completely covered in rugged brown scales. (AC +3, +7% HP)
Armour fits poorly on your strangely shaped body.
You have a long armoured tail.
You roll when moving toward enemies. (Rampage)
Your long tongue fully drains potion bottles. (2x potion effects)
Your tongue gives you trouble enunciating. (1.5x scroll delay)


Message History

* * * LOW HITPOINT WARNING * * *
You feel very sick. The dart slug launches a dart at you.
The slug dart hits you.
* * * LOW HITPOINT WARNING * * *
You hit the dart slug.
The dart slug is severely wounded.
* * * LOW HITPOINT WARNING * * *
You feel sick.
You slurp down every last drop of the 2 dark potions!
It was a potion of brilliance.
You feel clever all of a sudden.
* * * LOW HITPOINT WARNING * * *
You feel sick.
The dart slug bites you but does no damage.
You hit the dart slug but do no damage.
The dart slug is severely wounded.
* * * LOW HITPOINT WARNING * * *
You feel sick. The dart slug launches a dart at you. The slug dart hits you.
* * * LOW HITPOINT WARNING * * *
You slurp down every last drop of the fizzy golden potion!
It was a potion of berserk rage.
A red film seems to cover your vision as you go berserk!
You feel yourself moving faster!
You feel mighty!
* * * LOW HITPOINT WARNING * * *
You feel sick.
The dart slug bites you but does no damage.
You are too berserk!
You hit the dart slug.
You kill the dart slug!
* * * LOW HITPOINT WARNING * * *
You feel sick.
* * * LOW HITPOINT WARNING * * *
You feel sick.
You are too berserk!
You are too berserk!
You feel a strong urge to attack something.
You die...

#####.)###.....###.#
#.†# ###.......##
#..# ##...##..# ....
##.....#..# ....(
#.......# #.....#
#.......# #.....#
#.......# #######
##.....## #....@#
#.....††# #.......#
#....!..# ##.....##
##...## ####


There were no monsters in sight!

Vanquished Creatures
  An adder (D:2)
  2 dart slugs
  4 endoplasms (D:1)
  A giant cockroach (D:1)
  2 goblins
  3 jackals (D:1)
  2 quokkas
  4 ball pythons
  3 bats (D:1)
  A frilled lizard (D:1)
  3 kobolds (D:1)
  2 rats
28 creatures vanquished.

Notes
Turn   | Place    | Note
-------+----------+-------------------------------------------
     0 | D:1      | Orangeyouglad the Armataur Warper began the quest for the
                  | Orb.
     0 | D:1      | Reached XP level 1. HP: 18/18 MP: 3/3
   124 | D:1      | Reached XP level 2. HP: 20/25 MP: 4/4
   327 | D:1      | Learned a level 2 spell: Blink
   638 | D:2      | Reached XP level 3. HP: 28/31 MP: 6/6
   678 | D:2      | HP: 2/46 [poisoned by an adder]
   682 | D:2      | Succumbed to an adder's poison

Illustrated notes

Levels and vault maps discovered:
D:1:      beargit_arrival_greenhouse, layout_rooms, nicolae_titane
D:2:      layout_rooms, minmay_split_cup_small, uniq_crazy_yiuf_cottage

Skill      XL: |  1  2  3 |
---------------+----------+-----
Fighting       | 2 |  2.2
Maces & Flails | 2 |  2.2
Spellcasting   | 2 |  2.1
Armour         | 2 |  2.1
Throwing       | |  0.8
Dodging        | |  1.3
Translocations | |  3.3

Action                   || total
-------------------------++-------
Melee: Mace              ||   104
       Tailslap          ||     6
       Punch             ||     1
  Use: Potion            ||     2
Armor: Leather armour    ||    53
Dodge: Dodged            ||    80

Table legend: (Time is in decaauts)
 A = Elapsed time spent in this place.
 B = Non-inter-level travel time spent in this place.
 C = Inter-level travel time spent in this place.
 D = Time resting spent in this place.
 E = Time spent auto-exploring this place.
 F = Levels seen in this place.
 G = Mean time per level.
                   A        B        C        D        E       F      G
               +--------+--------+--------+--------+--------+-----+--------+
         Total |    712 |    693 |     19 |      0 |    405 |   2 |  356.0 |
       Dungeon |    712 |    693 |     19 |      0 |    405 |   2 |  356.0 |
               +--------+--------+--------+--------+--------+-----+--------+

Top non-repeatable levels by time:
     D:1: 621 daAuts
     D:2: 90 daAuts
